 Dungeon Crawl Stone Soup version 0.30.0-29-ga12c61a403 (webtiles) character file.

Game seed: 13770735391405285357

151 Graphine the Ducker (level 5, -2/41 HPs)
             Began as a Merfolk Gladiator on June 21, 2023.
             Slain by Ijyb
             ... wielding a +0 dagger
              (3 damage)
             ... on level 3 of the Dungeon.
             The game lasted 00:03:59 (2252 turns).

Graphine the Ducker (Merfolk Gladiator)             Turns: 2252, Time: 00:03:59

Health: -2/41      AC:  7    Str: 17 (18) XL:     5   Next: 33%
Magic:  5/6        EV: 20    Int:  7      God:
Gold:   151        SH:  0    Dex: 21      Spells: 4/4 levels left

rFire   . . .        a - +0 long sword (venom)
rCold   . . .        (no shield)
rNeg    . . .        n - +3 leather armour "Somiebao" {rPois Str+4 Dex+3}
rPois   +            (helmet restricted)
rElec   .            (no cloak)
rCorr   .            k - +0 pair of gloves
SInv    .            (no boots)
Will    .....        (no amulet)
Stlth   ++           o - +5 ring of evasion
HPRegen 0.26/turn    (no ring)
MPRegen 0.10/turn

%: clarity
@: mighty
A: (nimble swimmer 2), mertail, horns 1, clarity, deterioration 1, poison
resistance, MP-powered wands
a: no special abilities


You were on level 3 of the Dungeon.
You visited 1 branch of the dungeon, and saw 3 of its levels.

You collected 151 gold pieces.

Inventory:

Hand Weapons
 a - a +0 long sword of venom (weapon)
Missiles
 d - 3 throwing nets (quivered)
 e - 6 javelins
Armour
 k - a +0 pair of gloves (worn)
 n - the +3 leather armour "Somiebao" (worn) {rPois Str+4 Dex+3}
   (You found it on level 2 of the Dungeon)

   Str:       It affects your strength (+4).
   Dex:       It affects your dexterity (+3).
   rPois:     It protects you from poison.
Jewellery
 l - a ring of ice
 o - a +5 ring of evasion (left hand)
Scrolls
 f - a scroll of magic mapping
Potions
 b - a potion of degeneration {unknown}
 c - a potion of haste {unknown}
 g - a potion of flight {unknown}
 h - a potion of mutation
 i - a potion of might
 j - a potion of invisibility {unknown}
 m - a potion of attraction {unknown}


   Skills:
 * Level 3.4 Fighting
 * Level 4.5 Long Blades
 + Level 2.6 Throwing
 * Level 5.0 Dodging
 + Level 1.4 Stealth
 + Level 1.3 Invocations


You had 4 spell levels left.
You didn't know any spells.
Your spell library contained the following spells:

 Spells                   Type           Power      Damage    Failure   Level
 Tukima's Dance           Hex            0%         N/A       86%         3
 Passage of Golubria      Tloc           0%         N/A       99%         4
 Yara's Violent Unravell  Hex/Tmut       0%         3d3       100%        5


Dungeon Overview and Level Annotations

Branches:
Dungeon (3/15)

Altars:

Annotations:
D:3 Ijyb


Innate Abilities, Weirdness & Mutations

((You are very nimble when in or above water. (Stealth+, EV+, Speed+++)))
Your lower body shifts to a powerful aquatic tail in water.
You have a pair of small horns on your head.
You possess an exceptional clarity of mind.
Your body sometimes deteriorates upon taking damage.
Your system is resistant to poisons. (rPois)
You expend magic power (3 MP) to strengthen your wands.


Message History

Ijyb hits you with a +0 dagger.
* * * LOW HITPOINT WARNING * * *
Robin's bangles clink loudly.
Robin hits you with a +0 dagger of venom.
* * * LOW HITPOINT WARNING * * *
You barely miss Ijyb.
Ijyb is lightly wounded.
You feel sick.
You are no longer poisoned.
Ijyb completely misses you. Robin completely misses you. Ijyb misses you.
Robin misses you.
You closely miss Ijyb.
Ijyb is moderately wounded.
Ijyb closely misses you. Robin misses you.
Unknown command.
You barely miss Ijyb.
Ijyb is moderately wounded.
Ijyb misses you. Robin misses you.
You slash Robin!
You kill Robin!
Ijyb hits you with a +0 dagger.
* * * LOW HITPOINT WARNING * * *
You closely miss the hobgoblin. Your headbutt misses the hobgoblin.
Ijyb completely misses you.
The hobgoblin hits you but does no damage.
You hit the hobgoblin.
The hobgoblin is poisoned.
You headbutt the hobgoblin, but do no damage.
The hobgoblin is moderately wounded.
Ijyb looks more healthy.
The hobgoblin completely misses you. Ijyb misses you.
The hobgoblin completely misses you.
Ijyb screams, "You nasty!
Big nasty!"
Ijyb barely misses you.
You slash the hobgoblin!
You kill the hobgoblin!
Ijyb hits you with a +0 dagger.
* * * LOW HITPOINT WARNING * * *
It was a potion of might.
You feel very mighty all of a sudden. Ijyb hits you with a +0 dagger.
You die...

#.#..#........#
#.#..#.##'###.#
#.#.<#.#......#
#.............#
#.............#
###............#
#............>...
#g#####...#.#..#..
#@# #.............
#g###.....#......
#...g............
#####g............
##............
#g..........
#g.g......###
#............
#..).........


You could see Ijyb (strong) and a hobgoblin (strong).

Vanquished Creatures
  Pargi (D:3)
  Robin (D:3)
  4 ball pythons
  2 bats (D:1)
  6 endoplasms
  2 giant cockroaches (D:1)
  4 goblins
  6 hobgoblins
  5 jackals
  A kobold (D:2)
  2 quokkas
  A ball python skeleton (D:2)
  2 frilled lizards (D:1)
  A giant cockroach zombie (D:2)
  4 rats
42 creatures vanquished.

Vanquished Creatures (others)
  A goblin (D:3)
  A hobgoblin (D:3)
2 creatures vanquished.

Grand Total: 44 creatures vanquished

Notes
Turn   | Place    | Note
-------+----------+-------------------------------------------
     0 | D:1      | Graphine the Merfolk Gladiator began the quest for the Orb.
     0 | D:1      | Reached XP level 1. HP: 16/16 MP: 1/1
   128 | D:1      | Reached XP level 2. HP: 23/23 MP: 2/2
   538 | D:1      | Reached XP level 3. HP: 28/28 MP: 3/3
  1097 | D:1      | Gained mutation: Your magical capacity is low. (-10% MP)
                  | [potion of mutation]
  1097 | D:1      | Gained mutation: You are vulnerable to cold. (rC-) [potion
                  | of mutation]
  1097 | D:1      | Gained mutation: You are frail. (-10% HP) [potion of
                  | mutation]
  1098 | D:1      | Lost mutation: You are vulnerable to cold. (rC-) [potion of
                  | mutation]
  1098 | D:1      | Lost mutation: Your magical capacity is low. (-10% MP)
                  | [potion of mutation]
  1098 | D:1      | Gained mutation: Your body sometimes deteriorates upon
                  | taking damage. [potion of mutation]
  1098 | D:1      | Gained mutation: Your muscles are strong. (Str +4, Int/Dex
                  | -1) [potion of mutation]
  1191 | D:2      | Lost mutation: You are frail. (-10% HP) [potion of
                  | mutation]
  1191 | D:2      | Lost mutation: Your muscles are strong. (Str +4, Int/Dex
                  | -1) [potion of mutation]
  1191 | D:2      | Gained mutation: You expend magic power (3 MP) to
                  | strengthen your wands. [potion of mutation]
  1191 | D:2      | Gained mutation: You possess an exceptional clarity of
                  | mind. [potion of mutation]
  1191 | D:2      | Gained mutation: Your system is resistant to poisons.
                  | (rPois) [potion of mutation]
  1191 | D:2      | Gained mutation: You have a pair of small horns on your
                  | head. [potion of mutation]
  1345 | D:2      | Identified the +3 leather armour "Somiebao" {rPois Str+4
                  | Dex+3}
  1946 | D:3      | Noticed Pargi
  1978 | D:3      | Killed Pargi
  1979 | D:3      | Reached skill level 5 in Dodging
  1979 | D:3      | Reached skill level 1 in Stealth
  1979 | D:3      | Reached skill level 1 in Invocations
  1979 | D:3      | Reached XP level 4. HP: 13/35 MP: 4/4
  1979 | D:3      | Reached XP level 5. HP: 15/41 MP: 5/5
  2209 | D:3      | Noticed Ijyb
  2210 | D:3      | Noticed Robin
  2248 | D:3      | Killed Robin
  2248 | D:3      | HP: 1/41 [Ijyb/+0 dagger (4)]
  2252 | D:3      | Slain by Ijyb

Illustrated notes

Levels and vault maps discovered:
D:1:      elethiomel_arrival_shortcut, layout_basic, serial_bayou_lagoon_a
D:2:      layout_loops_corners, serial_undead, serial_undead_c, serial_undead_b,
          serial_undead_a, serial_undead_a
D:3:      layout_basic, nicolae_goblin_pals, uniq_pargi

Skill      XL: |  1  2  3 |
---------------+----------+-----
Long Blades    | 4 |  4.5
Fighting       | 3 |  3.4
Dodging        | 5 |  5.0
Stealth        | 1 |  1.4
Invocations    | 1 |  1.3
Throwing       | |  2.6

Action                     |  1- 3 |  4- 6 || total
---------------------------+-------+-------++-------
  Melee: Long sword        |   112 |    14 ||   126
         Punch             |     2 |     1 ||     3
         Headbutt          |     3 |     5 ||     8
    Use: Scroll            |     3 |     1 ||     4
         Potion            |     3 |     1 ||     4
   Stab: Sleeping          |     3 |       ||     3
 Armour: Leather armour    |    40 |     6 ||    46
  Dodge: Dodged            |    99 |    27 ||   126
